 Dungeon Crawl Stone Soup version 0.31-a0-7-g51783674b7 (webtiles) character file.

Game seed: 12781528012831000676

18 scionoferis the Grasshopper (level 2, -3/26 HPs)
             Began as a Naga Warper on May 5, 2023.
             Frozen to death by an endoplasm (5 damage)
             ... on level 1 of the Dungeon.
             The game lasted 00:00:57 (546 turns).

scionoferis the Grasshopper (Naga Warper)            Turns: 546, Time: 00:00:57

Health: -3/26      AC:  2    Str: 13    XL:     2   Next: 70%
Magic:  5/5        EV:  9    Int: 13    God:
Gold:   35         SH:  0    Dex: 10    Spells: 5/5 levels left

rFire   . . .        a - +0 spear
rCold   . . .        (no shield)
rNeg    . . .        b - +0 leather armour
rPois   +            (no helmet)
rElec   .            (no cloak)
rCorr   .            (no gloves)
SInv    +            (no barding)
Will    .....        (no amulet)
Stlth   +            (no ring)
HPRegen 0.24/turn    (no ring)
MPRegen 0.09/turn

%: no passive effects
@: very slow
A: AC +0, large, see invisible, deformed body, poison resistance, slowness 2,
spit poison 1, naga tail 1
a: Spit Poison


You were on level 1 of the Dungeon.
You visited 1 branch of the dungeon, and saw 1 of its levels.

You collected 35 gold pieces.


Innate Abilities, Weirdness & Mutations

Your serpentine skin is tough. (AC +0)
You have supernaturally acute eyesight. (SInv)
Armour fits poorly on your strangely shaped body.
Your system is resistant to poisons. (rPois)
You cover ground very slowly.
You can spit poison.
You have a snake-like lower body.


   Skills:
 + Level 2.3 Fighting
 * Level 2.6 Polearms
 - Level 0.8 Throwing
 - Level 0.7 Armour
 - Level 1.5 Dodging
 + Level 1.5 Stealth
 - Level 2.0 Spellcasting
 - Level 3.0 Translocations


You had 5 spell levels left.
You didn't know any spells.
Your spell library contained the following spells:

 Spells                   Type           Power      Damage    Failure   Level
 Blink                    Tloc           18%        N/A       14%         2
 Lesser Beckoning         Tloc           18%        N/A       14%         2
 Teleport Other           Tloc           9%         N/A       28%         3
 Vhi's Electric Charge    Tloc/Air       10%        N/A       45%         3
 Manifold Assault         Tloc           9%         N/A       67%         4

Inventory:

Hand Weapons
 a - a +0 spear (weapon)
Missiles
 d - 7 boomerangs of dispersal (quivered)
Armour
 b - a +0 leather armour (worn)
Scrolls
 c - a scroll of blinking
 e - a scroll of identify {unknown}
 f - a scroll of amnesia {unknown}
 g - a scroll of brand weapon {unknown}

Dungeon Overview and Level Annotations

Branches:
Dungeon (1/15)

Altars:

.... #.. .. ####.. .
.......K. .#
#.####.##.##.# .#
#.#....##.##.# .#
#....#.##.##J# .#
#....#.##.##@#
.####....#.##.##.#
.##...........##.###.#
.##...........†......#
............########.#
..#.##...####
#...##...# ##†###...#
....###.##


You could see an endoplasm and a kobold.


Message History

Welcome, scionoferis the Naga Warper.
You feel drawn to the Orb of Zot, downwards into the unfathomable depths...
Press ? for a list of commands and other information.
Found a staircase leading out of the dungeon.
You now have 9 gold pieces.
A rat comes into view.
You reach to attack!
You hit the rat.
You kill the rat!
No target in view!
No target in view!
You enter the shallow water.
Found a ring mail.
Found a ring mail.
You now have 20 gold pieces (gained 11).
A frilled lizard comes into view.
The frilled lizard hisses angrily.
The frilled lizard hisses.
You barely miss the frilled lizard. The frilled lizard bites you.
You hit the frilled lizard.
You kill the frilled lizard!
No target in view!
HP restored.
You see here a frilled lizard corpse.
A bat comes into view.
You barely miss the bat. The bat hits you but does no damage.
You reach to attack!
You closely miss the bat. The bat barely misses you.
You reach to attack!
You hit the bat but do no damage. The bat hits you.
You reach to attack!
You closely miss the bat. The bat hits you but does no damage.
You reach to attack!
You closely miss the bat. The bat hits you but does no damage.
You reach to attack!
You hit the bat.
You kill the bat!
No target in view!
No target in view!
A ball python, a rat and a goblin come into view.
The goblin shouts!
The ball python hisses angrily.
You see here a frilled lizard corpse.
You reach to attack!
You barely miss the rat. You hit the rat but do no damage. The rat bites you.
You hit the rat.
You kill the rat!
You hit the ball python.
The ball python is severely wounded.
The ball python misses you.
You barely miss the ball python.
The ball python is severely wounded.
The ball python closely misses you.
You barely miss the ball python.
The ball python is severely wounded.
The ball python bites you. The ball python completely misses you.
You closely miss the ball python.
The ball python is severely wounded.
The ball python bites you.
You closely miss the ball python.
The ball python is severely wounded.
The ball python bites you.
You closely miss the ball python.
The ball python is severely wounded.
The ball python bites you but does no damage.
You barely miss the ball python.
The ball python is severely wounded.
The ball python bites you.
You hit the ball python.
You kill the ball python!
You hit the goblin.
You kill the goblin!
Your Stealth skill increases to level 1!
No target in view!
No target in view!
You start resting.
HP restored.
A giant cockroach comes into view.
A hobgoblin comes into view.
The hobgoblin shouts!
You reach to attack!
You hit the giant cockroach.
You kill the giant cockroach!
You have reached level 2!
You barely miss the hobgoblin. The hobgoblin completely misses you.
You closely miss the hobgoblin. The hobgoblin barely misses you.
You barely miss the hobgoblin. The hobgoblin hits you.
You hit the hobgoblin.
The hobgoblin is almost dead.
The hobgoblin hits you.
You barely miss the hobgoblin.
The hobgoblin is almost dead.
The hobgoblin hits you.
You barely miss the hobgoblin.
The hobgoblin is almost dead.
The hobgoblin barely misses you.
You closely miss the hobgoblin.
The hobgoblin is almost dead.
The hobgoblin hits you.
You hit the hobgoblin.
You kill the hobgoblin!
No target in view!
You now have 35 gold pieces (gained 15).
e - a scroll labelled VASIATHAMNE A goblin comes into view.
It is wielding a +0 dagger.
The goblin shouts!
You barely miss the goblin. The goblin closely misses you.
You hit the goblin.
The goblin is moderately wounded.
The goblin hits you with a +0 dagger.
You closely miss the goblin.
The goblin is moderately wounded.
The goblin closely misses you.
You barely miss the goblin.
The goblin is moderately wounded.
The goblin barely misses you.
You hit the goblin.
You kill the goblin!
No target in view!
Things that are here:
a +0 dagger; a goblin corpse
Found a leather armour.
You see here a +0 leather armour.
f - a scroll labelled KUUNAN YTESMIE
Found a mace.
A goblin comes into view. It is wielding a +0 club.
You reach to attack!
You miss the goblin. You hit the goblin.
You kill the goblin!
No target in view!
You see here a +0 club.
A kobold comes into view. It is wielding a +0 dagger.
The kobold shouts!
You reach to attack!
You hit the kobold but do no damage. You closely miss the kobold.
The kobold hits you with a +0 dagger.
You hit the kobold but do no damage. The kobold hits you but does no damage.
You closely miss the kobold. The kobold hits you with a +0 dagger.
You hit the kobold.
You kill the kobold!
No target in view!
Things that are here:
a +0 dagger; a kobold corpse A giant cockroach comes into view.
The giant cockroach moves out of view.
A giant cockroach is nearby!
The giant cockroach barely misses you.
You hit the giant cockroach.
The giant cockroach is moderately wounded.
The giant cockroach barely misses you.
You hit the giant cockroach.
The giant cockroach is almost dead.
The giant cockroach completely misses you.
You hit the giant cockroach.
You kill the giant cockroach!
No target in view!
A giant cockroach comes into view.
g - a scroll labelled ZAUL DOIHEOZXILU The giant cockroach barely misses you.
You hit the giant cockroach.
The giant cockroach is heavily wounded.
The giant cockroach bites you but does no damage.
You hit the giant cockroach.
You kill the giant cockroach!
No target in view!
You see here a giant cockroach corpse.
An endoplasm comes into view.
A kobold comes into view. It is wielding a +0 short sword.
The kobold shouts!
The endoplasm quivers.
You hit the kobold.
The kobold is severely wounded.
An endoplasm comes into view.
The kobold barely misses you.
You miss the kobold.
The kobold is severely wounded.
The kobold hits you with a +0 short sword.
An endoplasm comes into view.
You closely miss the kobold.
The kobold is severely wounded.
The kobold hits you with a +0 short sword.
The endoplasm quivers.
You hit the kobold but do no damage.
The kobold is severely wounded.
The kobold completely misses you.
You hit the kobold but do no damage.
The kobold is severely wounded.
The endoplasm jiggles.
The kobold hits you but does no damage.
You closely miss the kobold.
The kobold is severely wounded.
The kobold hits you with a +0 short sword.
You miss the kobold.
The kobold is severely wounded.
The kobold hits you with a +0 short sword.
You barely miss the kobold.
The kobold is heavily wounded.
The kobold hits you with a +0 short sword.
You are too injured to fight recklessly!
You are too injured to fight recklessly!
You are too injured to fight recklessly!
You hit the kobold.
The kobold is severely wounded.
The kobold hits you with a +0 short sword.
You hit the kobold.
You kill the kobold!
You hit the endoplasm.
The endoplasm is moderately wounded.
The endoplasm freezes you.
You are frozen.
* * * LOW HITPOINT WARNING * * *
You hit the endoplasm.
You kill the endoplasm!
You hit the endoplasm.
You kill the endoplasm!
You hit the endoplasm.
The endoplasm is moderately wounded.
The endoplasm hits you but does no damage.
A kobold comes into view. It is wielding a +0 short sword.
The kobold shouts!
You hit the endoplasm.
The endoplasm is heavily wounded.
The endoplasm barely misses you.
You hit the endoplasm but do no damage.
The endoplasm is heavily wounded.
The endoplasm closely misses you.
You hit the endoplasm.
The endoplasm is almost dead.
The endoplasm freezes you.
You are frozen.
* * * LOW HITPOINT WARNING * * *
You hit the endoplasm but do no damage.
The endoplasm is almost dead.
The endoplasm freezes you.
You are frozen.
You die...

Skill      XL: |  1 |
---------------+----+-----
Stealth        | 1 |  1.5
Fighting       | |  2.3
Polearms       | |  2.6
Throwing       | |  0.8
Armour         | |  0.7
Dodging        | |  1.5
Spellcasting   | |  2.0
Translocations | |  3.0

Action                     || total
---------------------------++-------
  Melee: Spear             ||    65
 Armour: Leather armour    ||     8
  Dodge: Dodged            ||    18

Levels and vault maps discovered:
D:1:      kilobyte_arrival_exit_the_forest, layout_loops_ring

Notes
Turn   | Place    | Note
-------+----------+-------------------------------------------
     0 | D:1      | scionoferis the Naga Warper began the quest for the Orb.
     0 | D:1      | Reached XP level 1. HP: 19/19 MP: 3/3
   139 | D:1      | Reached skill level 1 in Stealth
   189 | D:1      | Reached XP level 2. HP: 26/26 MP: 5/5
   545 | D:1      | HP: 2/26 [frozen (5)]
   546 | D:1      | Frozen to death by an endoplasm

Vanquished Creatures
  A ball python (D:1)
  A bat (D:1)
  2 endoplasms (D:1)
  3 giant cockroaches (D:1)
  3 goblins (D:1)
  A hobgoblin (D:1)
  A frilled lizard (D:1)
  2 kobolds (D:1)
  2 rats (D:1)
16 creatures vanquished.

Table legend: (Time is in decaauts)
 A = Elapsed time spent in this place.
 B = Non-inter-level travel time spent in this place.
 C = Inter-level travel time spent in this place.
 D = Time resting spent in this place.
 E = Time spent auto-exploring this place.
 F = Levels seen in this place.
 G = Mean time per level.
                   A        B        C        D        E       F      G
               +--------+--------+--------+--------+--------+-----+--------+
         Total |    692 |    692 |      0 |     34 |    539 |   1 |  692.0 |
       Dungeon |    692 |    692 |      0 |     34 |    539 |   1 |  692.0 |
               +--------+--------+--------+--------+--------+-----+--------+

Top non-repeatable levels by time:
     D:1: 692 daAuts

Table legend:
 A = Non-vault XP
 B = Vault XP
 C = Vault XP percentage of total XP
 D = Non-vault monster count
 E = Vault monster count
 F = Vault count percentage of total count
                 A         B        C        D         E       F
            +---------+---------+-------+---------+---------+-------
      Total |      27 |       0 |   0.0 |      16 |       0 |   0.0
            +---------+---------+-------+---------+---------+-------
        D:1 |      27 |       0 |   0.0 |      16 |       0 |   0.0
            +---------+---------+-------+---------+---------+-------
